TOP OF THE 1ST |
South Bend Cubs batting - Pitching for Greensboro Grasshoppers : LHP Hideo Komatsu
|
Pitching: LHP Hideo Komatsu
|
|
Batting: RHB Andy Huntley
|
0-0: Ball 1-0: Ball 2-0: Foul Ball, location: 2F 2-1: Ball 3-1: Base on Balls
|
Batting: RHB Puluke Konane
|
0-0: Called Strike 0-1: Ball 1-1: Ball 2-1: Ball 3-1: DOUBLE (Groundball, 5L, EV 95.0 MPH) Andy Huntley to third
|
Batting: RHB Taylor Garofalo
|
0-0: Ground out 4-3 (Groundball, 34, EV 88.8 MPH) Andy Huntley scores Puluke Konane to third
|
Batting: RHB Juan Bonilla
|
0-0: Ball 1-0: Called Strike 1-1: Ball 2-1: Fly out, F3 (Popup, 3SF, EV 68.1 MPH)
|
Batting: LHB Kwang-chih Men
|
0-0: Called Strike 0-1: Foul Ball, location: 2F 0-2: Strikes out swinging
|
Top of the 1st over - 1 run, 1 hit, 0 errors, 1 left on base; South Bend 1 - Greensboro 0 |
BOTTOM OF THE 1ST |
Greensboro Grasshoppers batting - Pitching for South Bend Cubs : RHP Anastagio Fasola
|
Pitching: RHP Anastagio Fasola
|
|
Batting: RHB Harrie de Kam
|
0-0: Called Strike 0-1: Ball 1-1: DOUBLE (Line Drive, 78D, EV 108.1 MPH)
|
Batting: RHB Rafael Irizarry
|
0-0: Called Strike 0-1: SINGLE (Groundball, 34D, EV 95.6 MPH) Harrie de Kam to third Runner from 3rd tries for Home, SAFE, throw by RF to home
|
Batting: RHB Nate Crofts
|
0-0: Called Strike Rafael Irizarry steals 2nd base (no throw) 0-1: Ball 1-1: Ball 2-1: Ball Wild Pitch! Rafael Irizarry to third 3-1: Fly out, F9 (Line Drive, 9, EV 105.0 MPH)
|
Batting: LHB Angelo Estrella
|
0-0: Swinging Strike 0-1: Called Strike 0-2: Ball 1-2: Ground out 3-1 (Groundball, 13, EV 80.6 MPH) Rafael Irizarry scores
|
Batting: LHB Justin Blakely
|
0-0: Ball 1-0: Ball 2-0: Called Strike 2-1: Fly out, F8 (Flyball, 78D, EV 103.1 MPH)
|
Bottom of the 1st over - 2 runs, 2 hits, 0 errors, 0 left on base; South Bend 1 - Greensboro 2 |
TOP OF THE 2ND |
South Bend Cubs batting - Pitching for Greensboro Grasshoppers : LHP Hideo Komatsu
|
Batting: RHB Dylan Burke
|
0-0: Ball 1-0: Called Strike 1-1: Ball 2-1: DOUBLE (Groundball, 5L, EV 108.8 MPH)
|
Batting: RHB Josh Burns
|
0-0: Ground out 5-3 (Groundball, 56S, EV 81.9 MPH)
|
Batting: RHB Ryan Bush
|
0-0: Ball 1-0: Called Strike 1-1: Ball 2-1: Ball 3-1: Base on Balls
|
Batting: LHB Adam Conover
|
0-0: DOUBLE (Line Drive, 7LS, EV 107.5 MPH) Dylan Burke scores Ryan Bush to third
|
Batting: RHB Andy Huntley
|
0-0: SINGLE (Groundball, 6MD, EV 96.2 MPH) Ryan Bush scores Adam Conover to third
|
Batting: RHB Puluke Konane
|
0-0: Called Strike 0-1: Ball Andy Huntley steals 2nd base 1-1: Ball 2-1: Foul Ball, location: 2F 2-2: SINGLE (Groundball, 4MS, EV 68.1 MPH) (infield hit) Adam Conover scores Andy Huntley to third
|
Batting: RHB Taylor Garofalo
|
0-0: Ball Puluke Konane is caught stealing 2nd base 2-4 1-0: Fly out, F9 (Flyball, 9D, EV 100.0 MPH)
|
Top of the 2nd over - 3 runs, 4 hits, 0 errors, 1 left on base; South Bend 4 - Greensboro 2 |
BOTTOM OF THE 2ND |
Greensboro Grasshoppers batting - Pitching for South Bend Cubs : RHP Anastagio Fasola
|
Batting: LHB Ryan Thompson
|
0-0: Ball 1-0: Called Strike 1-1: Ball 2-1: Ball 3-1: Base on Balls
|
Batting: LHB Jose Cabello
|
0-0: Ball 1-0: Swinging Strike 1-1: Fielders Choice at 2nd, 3-6 (Groundball, 3, EV 86.9 MPH)
|
Batting: RHB J.D. Vander Klok
|
0-0: Foul Ball, location: 2F 0-1: Ball Jose Cabello steals 2nd base 1-1: Foul Ball, location: 2F 1-2: Ground out 4-3 (Groundball, 4, EV 75.6 MPH) Jose Cabello to third
|
Batting: RHB Dennis Coppolino
|
0-0: Foul Ball, location: 2F 0-1: Swinging Strike 0-2: Ball 1-2: Foul Ball, location: 2F 1-2: Foul Ball, location: 2F 1-2: Foul Ball, location: 2F 1-2: Ball 2-2: Strikes out swinging
|
Bottom of the 2nd over - 0 runs, 0 hits, 0 errors, 1 left on base; South Bend 4 - Greensboro 2 |
TOP OF THE 3RD |
South Bend Cubs batting - Pitching for Greensboro Grasshoppers : LHP Hideo Komatsu
|
Batting: RHB Juan Bonilla
|
0-0: Ball 1-0: Fly out, F9 (Flyball, 9, EV 90.6 MPH)
|
Batting: LHB Kwang-chih Men
|
0-0: Foul Ball, location: 2F 0-1: Ball 1-1: Ball 2-1: Fly out, F9 (Flyball, 9S, EV 83.8 MPH)
|
Batting: RHB Dylan Burke
|
0-0: Called Strike 0-1: Swinging Strike 0-2: Ball 1-2: Strikes out swinging
|
Top of the 3rd over - 0 runs, 0 hits, 0 errors, 0 left on base; South Bend 4 - Greensboro 2 |
BOTTOM OF THE 3RD |
Greensboro Grasshoppers batting - Pitching for South Bend Cubs : RHP Anastagio Fasola
|
Batting: RHB Harrie de Kam
|
0-0: Called Strike 0-1: Ball 1-1: Foul Ball, location: 2F 1-2: Strikes out swinging
|
Batting: RHB Rafael Irizarry
|
0-0: Ground out 4-3 (Groundball, 4, EV 86.2 MPH)
|
Batting: RHB Nate Crofts
|
0-0: Ball 1-0: Called Strike 1-1: Foul Ball, location: 2F 1-2: Ground out U3 (Groundball, 34, EV 105.0 MPH)
|
Bottom of the 3rd over - 0 runs, 0 hits, 0 errors, 0 left on base; South Bend 4 - Greensboro 2 |
TOP OF THE 4TH |
South Bend Cubs batting - Pitching for Greensboro Grasshoppers : LHP Hideo Komatsu
|
Batting: RHB Josh Burns
|
0-0: Called Strike 0-1: Ball 1-1: Foul Ball, location: 2F 1-2: Foul Ball, location: 2F 1-2: Ball 2-2: SINGLE (Groundball, 6D, EV 100.0 MPH)
|
Batting: RHB Ryan Bush
|
0-0: Ball 1-0: Ball 2-0: Ball 3-0: Base on Balls Josh Burns to second
|
Batting: LHB Adam Conover
|
0-0: SINGLE (Flyball, 89S, EV 96.2 MPH) Josh Burns to third Ryan Bush to second Throwing error, E9 Josh Burns scores Ryan Bush to third Adam Conover to second
|
Batting: RHB Andy Huntley
|
0-0: Ball 1-0: Ground out U3 (Groundball, 34, EV 84.4 MPH) Ryan Bush scores Adam Conover to third
|
Batting: RHB Puluke Konane
|
0-0: Swinging Strike 0-1: Called Strike 0-2: Foul Ball, location: 2F 0-2: Ball 1-2: Strikes out swinging
|
Batting: RHB Taylor Garofalo
|
0-0: Ball 1-0: Ball 2-0: Ground out 6-3 (Groundball, 6, EV 91.2 MPH)
|
Top of the 4th over - 2 runs, 2 hits, 1 error, 1 left on base; South Bend 6 - Greensboro 2 |
BOTTOM OF THE 4TH |
Greensboro Grasshoppers batting - Pitching for South Bend Cubs : RHP Anastagio Fasola
|
Batting: LHB Angelo Estrella
|
0-0: Ball 1-0: Called Strike 1-1: Ball 2-1: Ball 3-1: SINGLE (Groundball, 4, EV 94.4 MPH)
|
Batting: LHB Justin Blakely
|
0-0: Ball 1-0: Swinging Strike 1-1: Ball 2-1: Grounds into double play, 4-6-3 (Groundball, 4M, EV 103.8 MPH)
|
Batting: LHB Ryan Thompson
|
0-0: Called Strike 0-1: Foul Ball, location: 2F 0-2: Ball 1-2: Ball 2-2: Fly out, F8 (Flyball, 8LS, EV 88.8 MPH)
|
Bottom of the 4th over - 0 runs, 1 hit, 0 errors, 0 left on base; South Bend 6 - Greensboro 2 |
TOP OF THE 5TH |
South Bend Cubs batting - Pitching for Greensboro Grasshoppers : LHP Hideo Komatsu
|
Batting: RHB Juan Bonilla
|
0-0: Ball 1-0: Called Strike 1-1: Ball 2-1: Ball 3-1: Fly out, F7 (Line Drive, 7, EV 93.1 MPH)
|
Pitching: RHP Felix Moreno
|
|
Batting: LHB Kwang-chih Men
|
0-0: Ball 1-0: Ball 2-0: Ball 3-0: Called Strike 3-1: Called Strike 3-2: Base on Balls
|
Batting: RHB Dylan Burke
|
0-0: Foul Ball, location: 2F 0-1: Foul Ball, location: 2F 0-2: Foul Ball, location: 2F 0-2: Foul Ball, location: 2F 0-2: DOUBLE (Line Drive, 9LS, EV 90.0 MPH) Kwang-chih Men to third
|
Batting: RHB Josh Burns
|
0-0: Called Strike 0-1: Swinging Strike 0-2: Strikes out looking
|
Batting: RHB Ryan Bush
|
0-0: Called Strike 0-1: Ball 1-1: Ground out 3-1 (Groundball, 34S, EV 88.1 MPH)
|
Top of the 5th over - 0 runs, 1 hit, 0 errors, 2 left on base; South Bend 6 - Greensboro 2 |
BOTTOM OF THE 5TH |
Greensboro Grasshoppers batting - Pitching for South Bend Cubs : RHP Anastagio Fasola
|
Batting: LHB Jose Cabello
|
0-0: Swinging Strike 0-1: Ball 1-1: Swinging Strike 1-2: Strikes out swinging
|
Batting: RHB J.D. Vander Klok
|
0-0: Ball 1-0: Ball 2-0: Called Strike 2-1: Foul Ball, location: 2F 2-2: Ball 3-2: Ground out 6-3 (Groundball, 6, EV 89.4 MPH)
|
Batting: RHB Dennis Coppolino
|
0-0: Called Strike 0-1: Called Strike 0-2: Strikes out swinging
|
Bottom of the 5th over - 0 runs, 0 hits, 0 errors, 0 left on base; South Bend 6 - Greensboro 2 |
TOP OF THE 6TH |
South Bend Cubs batting - Pitching for Greensboro Grasshoppers : RHP Felix Moreno
|
Batting: LHB Adam Conover
|
0-0: Foul Ball, location: 2F 0-1: Ball 1-1: Foul Ball, location: 2F 1-2: Foul Ball, location: 2F 1-2: Ground out 5-3 (Groundball, 56S, EV 91.2 MPH)
|
Batting: RHB Andy Huntley
|
0-0: Ball 1-0: Called Strike 1-1: Called Strike 1-2: Foul Ball, location: 2F 1-2: Ball 2-2: Foul Ball, location: 2F 2-2: Ball 3-2: Strikes out looking
|
Batting: RHB Puluke Konane
|
0-0: Ball 1-0: Ball 2-0: Called Strike 2-1: Fly out, F9 (Line Drive, 9S, EV 86.2 MPH)
|
Top of the 6th over - 0 runs, 0 hits, 0 errors, 0 left on base; South Bend 6 - Greensboro 2 |
BOTTOM OF THE 6TH |
Greensboro Grasshoppers batting - Pitching for South Bend Cubs : RHP Anastagio Fasola
|
Batting: RHB Harrie de Kam
|
0-0: Ball 1-0: Foul Ball, location: 2F 1-1: Called Strike 1-2: Strikes out looking
|
Pitching: LHP Tom Mooney
|
|
Batting: RHB Rafael Irizarry
|
0-0: Fly out, F7 (Flyball, 78D, EV 89.4 MPH)
|
Batting: RHB Nate Crofts
|
0-0: Ball 1-0: Foul Ball, location: 2F 1-1: Ball 2-1: Ball 3-1: Called Strike 3-2: Foul Ball, location: 2F 3-2: Foul Ball, location: 2F 3-2: Fly out, F8 (Flyball, 78M, EV 90.6 MPH)
|
Bottom of the 6th over - 0 runs, 0 hits, 0 errors, 0 left on base; South Bend 6 - Greensboro 2 |
TOP OF THE 7TH |
South Bend Cubs batting - Pitching for Greensboro Grasshoppers : RHP Felix Moreno
|
Pitching: RHP Joe Lynn
|
|
Batting: RHB Taylor Garofalo
|
0-0: Ball 1-0: Foul Ball, location: 2F 1-1: Foul Ball, location: 2F 1-2: Ball 2-2: Ground out 6-3 (Groundball, 6M, EV 88.8 MPH)
|
Batting: RHB Juan Bonilla
|
0-0: Ball 1-0: Fly out, F8 (Flyball, 8LM, EV 89.4 MPH)
|
Batting: LHB Kwang-chih Men
|
0-0: Called Strike 0-1: Ball 1-1: Ball 2-1: Ball 3-1: Base on Balls
|
Batting: RHB Dylan Burke
|
0-0: Ball Kwang-chih Men is caught stealing 2nd base 2-4
|
Top of the 7th over - 0 runs, 0 hits, 0 errors, 0 left on base; South Bend 6 - Greensboro 2 |
BOTTOM OF THE 7TH |
Greensboro Grasshoppers batting - Pitching for South Bend Cubs : LHP Tom Mooney
|
Batting: LHB Angelo Estrella
|
0-0: Called Strike 0-1: Ball 1-1: Foul Ball, location: 2F 1-2: Ball 2-2: Ground out 5-3 (Groundball, 5, EV 98.8 MPH)
|
Batting: LHB Justin Blakely
|
0-0: Foul Ball, location: 2F 0-1: Ball 1-1: Foul Ball, location: 2F 1-2: Ball 2-2: Ball 3-2: Fly out, F8 (Flyball, 8RM, EV 76.2 MPH)
|
Batting: LHB Ryan Thompson
|
0-0: Swinging Strike 0-1: Ball 1-1: Swinging Strike 1-2: Ball 2-2: Strikes out looking
|
Bottom of the 7th over - 0 runs, 0 hits, 0 errors, 0 left on base; South Bend 6 - Greensboro 2 |
TOP OF THE 8TH |
South Bend Cubs batting - Pitching for Greensboro Grasshoppers : RHP Joe Lynn
|
Pitching: RHP Adam Brown
|
|
Batting: RHB Dylan Burke
|
0-0: Called Strike 0-1: Ball 1-1: Ball 2-1: Foul Ball, location: 2F 2-2: SINGLE (Groundball, 56D, EV 96.9 MPH)
|
Batting: RHB Josh Burns
|
0-0: Bunt missed! 0-1: Bunted foul 0-2: Foul Ball, location: 2F 0-2: Strikes out swinging
|
Batting: RHB Ryan Bush
|
0-0: Called Strike 0-1: Ball 1-1: Foul Ball, location: 2F 1-2: Ball 2-2: SINGLE (Groundball, 56D, EV 106.2 MPH) Dylan Burke to second
|
Batting: LHB Adam Conover
|
0-0: Foul Ball, location: 2F 0-1: Swinging Strike 0-2: Ball 1-2: SINGLE (Groundball, 6MD, EV 108.1 MPH) Dylan Burke to third Ryan Bush to second
|
Pitching: RHP Mike Yorke
|
|
Batting: RHB Andy Huntley
|
0-0: Ball 1-0: Called Strike 1-1: Called Strike 1-2: Strikes out swinging
|
Batting: RHB Puluke Konane
|
0-0: Called Strike 0-1: Ball 1-1: Ball 2-1: Swinging Strike 2-2: Foul Ball, location: 2F 2-2: Ball 3-2: Ground out 5-3 (Groundball, 5, EV 109.4 MPH)
|
Top of the 8th over - 0 runs, 3 hits, 0 errors, 3 left on base; South Bend 6 - Greensboro 2 |
BOTTOM OF THE 8TH |
Greensboro Grasshoppers batting - Pitching for South Bend Cubs : LHP Tom Mooney
|
Pitching: RHP Angel Pesina
|
|
Batting: LHB Jose Cabello
|
0-0: Ball 1-0: Foul Ball, location: 2F 1-1: SINGLE (Groundball, 34D, EV 96.2 MPH)
|
Batting: RHB J.D. Vander Klok
|
0-0: Called Strike 0-1: Swinging Strike 0-2: Ball 1-2: Strikes out looking
|
Batting: RHB Dennis Coppolino
|
0-0: Called Strike 0-1: Swinging Strike 0-2: Strikes out swinging
|
Batting: RHB Harrie de Kam
|
0-0: Ground out 4-3 (Groundball, 4, EV 79.4 MPH)
|
Bottom of the 8th over - 0 runs, 1 hit, 0 errors, 1 left on base; South Bend 6 - Greensboro 2 |
TOP OF THE 9TH |
South Bend Cubs batting - Pitching for Greensboro Grasshoppers : RHP Mike Yorke
|
Batting: RHB Taylor Garofalo
|
0-0: Foul Ball, location: 2F 0-1: Called Strike 0-2: SINGLE (Line Drive, 6D, EV 96.2 MPH)
|
Batting: RHB Juan Bonilla
|
0-0: Foul Ball, location: 2F 0-1: SINGLE (Line Drive, 89S, EV 94.4 MPH) Taylor Garofalo to second Runner from 2nd tries for 3rd, SAFE, throw by RF made to third
|
Batting: LHB Kwang-chih Men
|
0-0: Foul Ball, location: 2F 0-1: Ball 1-1: Ball 2-1: Ball 3-1: Base on Balls Juan Bonilla to second
|
Pitching: RHP Dan Durand
|
|
Batting: RHB Dylan Burke
|
0-0: SINGLE (Groundball, 56S, EV 70.6 MPH) (infield hit) Taylor Garofalo scores Juan Bonilla to third Kwang-chih Men to second
|
Batting: RHB Josh Burns
|
0-0: Swinging Strike 0-1: Foul Ball, location: 2F 0-2: Strikes out swinging
|
Batting: RHB Ryan Bush
|
0-0: Ball 1-0: Ball 2-0: Ball 3-0: Called Strike 3-1: Called Strike 3-2: Base on Balls Juan Bonilla scores Kwang-chih Men to third Dylan Burke to second
|
Batting: LHB Adam Conover
|
0-0: Called Strike 0-1: Ball 1-1: Ball 2-1: Foul Ball, location: 2F 2-2: Fielders Choice at 2nd, 5-4 (Groundball, 56, EV 82.5 MPH) Kwang-chih Men scores Dylan Burke to third
|
Batting: RHB Andy Huntley
|
0-0: Foul Ball, location: 2F 0-1: Ball 1-1: Ball 2-1: Called Strike 2-2: Foul Ball, location: 2F 2-2: SINGLE (Groundball, 56D, EV 108.1 MPH) Dylan Burke scores Adam Conover to second
|
Pitching: RHP Bill Padgett
|
|
Batting: RHB Puluke Konane
|
0-0: Ball 1-0: Foul Ball, location: 2F 1-1: Ball 2-1: Ball 3-1: Foul Ball, location: 2F 3-2: Foul Ball, location: 2F 3-2: Base on Balls Adam Conover to third Andy Huntley to second
|
Batting: RHB Taylor Garofalo
|
0-0: SINGLE (Groundball, 4MD, EV 104.4 MPH) Adam Conover scores Andy Huntley to third Puluke Konane to second Runner from 3rd tries for Home, SAFE, throw by CF to home
|
Batting: RHB Juan Bonilla
|
0-0: Called Strike 0-1: Ball 1-1: Ball 2-1: Foul Ball, location: 2F 2-2: Ball Wild Pitch! Puluke Konane to third Taylor Garofalo to second 3-2: Foul Ball, location: 2F 3-2: Foul Ball, location: 2F 3-2: Strikes out looking
|
Top of the 9th over - 6 runs, 5 hits, 0 errors, 2 left on base; South Bend 12 - Greensboro 2 |
BOTTOM OF THE 9TH |
Greensboro Grasshoppers batting - Pitching for South Bend Cubs : RHP Angel Pesina
|
Batting: RHB Rafael Irizarry
|
0-0: Ball 1-0: Called Strike 1-1: Foul Ball, location: 2F 1-2: Foul Ball, location: 2F 1-2: Strikes out swinging
|
Batting: RHB Nate Crofts
|
0-0: Swinging Strike 0-1: Ball 1-1: Fly out, F5 (Popup, 5, EV 70.0 MPH)
|
Batting: LHB Angelo Estrella
|
0-0: Called Strike 0-1: Foul Ball, location: 2F 0-2: Ball 1-2: SINGLE (Groundball, P, EV 86.2 MPH) (infield hit)
|
Batting: LHB Justin Blakely
|
0-0: Called Strike 0-1: Swinging Strike 0-2: Ball 1-2: Foul Ball, location: 2F 1-2: Ground out U3 (Groundball, 34, EV 106.9 MPH)
|
Bottom of the 9th over - 0 runs, 1 hit, 0 errors, 1 left on base; South Bend 12 - Greensboro 2 |
|